AoeStats
← 皮革城走位

Nomad

510088312Analyzed
2v2 RM · 3d ago on Sep 29, 2026· 96m 34s· 4 players
Game mode
Random Map
Map size
176×176
Population
200
Speed
Normal
Resources
Standard
Victory
Conquest
Starting age
Dark Age
Ending age
Imperial Age
RankedLock teamsTeams togetherTeam positionsShared explorationLock speedFull tech treeHidden civsTurbo modeCheats
Victory
Defeat
🇫🇷 Magyars · France
615
+17
🇪🇸 Armenians · Spain
583
+19
🇨🇳 Persians · China
650
-18
🇭🇰 Britons · Hong Kong SAR China
642
-18
Splujer
4:25 Loom
18:53 Feudal Age
22:16 Double-Bit Axe
23:24 Fishing Lines
24:17 Horse Collar
27:02 Castle Age
27:04 Bloodlines
28:10 Wheelbarrow
27:21 Town Watch
28:13 Heavy Plow
28:32 Bow Saw
28:19 Gold Mining
28:21 Stone Mining
27:56 Light Cavalry
28:37 Husbandry
31:26 Imperial Age
31:01 Hand Cart
30:32 Town Watch
31:41 Fervor
31:38 Gillnets
32:13 Caravan
34:16 Gold Shaft Mining
35:18 Sanctity
35:35 Careening
35:36 Clinker Construction
35:48 Ballistics
36:42 Two-Man Saw
36:17 Crop Rotation
39:38 Town Patrol
40:06 Shipwright
40:44 Conscription
40:27 Recurve Bow
41:51 Thumb Ring
42:00 Corvinian Army
44:35 Fletching
44:46 Padded Archer Armor
44:52 Scale Barding Armor
45:17 Parthian Tactics
46:53 Heavy Cavalry Archer
48:20 Hoardings
47:49 Murder Holes
48:16 Treadmill Crane
49:46 Chemistry
50:38 Dry Dock
50:31 Masonry
50:25 Bodkin Arrow
50:46 Leather Archer Armor
52:00 Chain Barding Armor
52:32 Bracer
53:35 Ring Archer Armor
55:03 Coinage
55:12 Plate Barding Armor
54:49 Capped Ram
55:17 Pikeman
56:23 Halberdier
57:26 Scale Mail Armor
61:58 Scale Mail Armor
62:54 Elite Magyar Huszar
64:20 Chain Mail Armor
72:26 Spies/Treason
76:28 Banking
79:08 Elite Skirmisher
jgent
5:32 Loom
15:40 Feudal Age
16:12 Double-Bit Axe
16:33 Fishing Lines
17:29 Gold Mining
19:05 Wheelbarrow
18:21 Town Watch
20:30 Town Watch
23:38 Castle Age
22:26 Fletching
24:18 Stone Mining
25:59 Horse Collar
26:19 Gillnets
27:22 Medium Warships
27:34 Bow Saw
28:04 Gold Shaft Mining
29:00 Hand Cart
30:00 Heavy Plow
33:31 Imperial Age
31:57 Ballistics
31:47 Masonry
31:19 Treadmill Crane
32:42 Murder Holes
34:03 Careening
34:09 Siphons
34:22 Clinker Construction
34:49 Heavy Warships
34:46 Bodkin Arrow
36:37 Town Patrol
37:03 Dry Dock
37:56 Hoardings
39:58 Chemistry
41:10 Elite Composite Bowman
41:58 Bracer
41:59 Padded Archer Armor
44:22 Cilician Fleet
46:11 Leather Archer Armor
45:34 Man-at-Arms
45:59 Gambesons
46:01 Arson
46:17 Squires
46:20 Scale Mail Armor
46:31 Forging
51:01 Long Swordsman
52:00 Two-Handed Swordsman
53:45 Champion
55:26 Chain Mail Armor
55:47 Iron Casting
55:42 Ring Archer Armor
56:41 Plate Mail Armor
57:57 Fereters
59:08 Blast Furnace
60:09 Incendiaries
69:36 Pikeman
皮革城走位
14:18 Feudal Age
15:55 Double-Bit Axe
17:52 Horse Collar
26:52 Castle Age
25:54 Stone Mining
25:54 Gold Mining
27:14 Town Watch
27:42 Bow Saw
28:43 Stone Shaft Mining
28:46 Gold Shaft Mining
28:23 Heavy Plow
28:47 Medium Warships
32:34 Fletching
35:50 Ballistics
35:27 Murder Holes
38:27 Imperial Age
40:09 Heavy Warships
39:53 Elite War Elephant
42:42 Chemistry
41:55 Careening
41:51 Siphons
41:58 Masonry
43:29 Crop Rotation
46:07 Padded Archer Armor
46:18 Scale Barding Armor
46:05 Fishing Lines
51:07 Gillnets
53:06 Bodkin Arrow
53:32 Chain Barding Armor
53:22 Forging
55:25 Plate Barding Armor
56:02 Padded Archer Armor
56:40 Iron Casting
56:18 Citadels
56:14 Husbandry
56:24 Bloodlines
85:58 Caravan
87:20 Blast Furnace
dzy395297342
3:22 Loom
15:31 Feudal Age
16:04 Double-Bit Axe
16:02 Horse Collar
17:53 Wheelbarrow
23:57 Padded Archer Armor
23:58 Scale Mail Armor
24:01 Gold Mining
24:01 Stone Mining
26:18 Castle Age
25:35 Scale Barding Armor
25:21 Fletching
25:43 Forging
29:05 Bow Saw
28:58 Heavy Plow
38:28 Imperial Age
36:14 Hand Cart
35:24 Crossbowman
35:29 Pikeman
36:46 Bodkin Arrow
37:06 Leather Archer Armor
37:09 Chain Mail Armor
39:16 Warwolf
42:12 Onager
45:08 Arbalester
45:53 Bracer
46:23 Ring Archer Armor
47:08 Two-Man Saw
53:59 Ballistics
54:20 Gold Shaft Mining
58:25 Elite Longbowman
Connection lost

Rejoining the realm…

Still unreachable

The connection could not be restored.

Session expired

The server has moved on; the page needs a fresh start.